Frizzbo, lawful female human Cavewoman --- -- ---- |..- |.---...--...-- ..............- .............. -(............ ------- -............ |.....-- ............-- |..--..---- -...........--- |.--|.....| -............ |.| -----.--- ---........... |.| |...--- ---.............- |.| -----...-- |...............------- ---.| |..--....-- |...............%.--..-- |...-- --.........| -- - ---.......)@.).-----------....| |..........| -.................%G....)............| --.........-- --- -- -- -------..h.....H:..-----------.--- ----.......-- -.........................................| --- --.`....<| ---- | ---.. -----.--...----..| ---....-- -- -- --.-- ---- --.--- --- --- Frizzbo the Aborigine Experience level: 5 Strength: 15 Dexterity: 16 Constitution: 18 Intelligence: 11 Wisdom: 9 Charisma: 8 Health: 0(51) Energy: 15(15) Def: 5 Gold: 427 Moves: 2167 Dungeon seed: GmOU8dev8xFhuvIQ Game ID: Frizzbo_1465660790 Your Inventory: Coins $ - 427 gold pieces Weapons a - an uncursed +1 club (alternate weapon; not wielded) b - an uncursed +2 sling (weapon in hand) Armor r - a blessed +0 orcish helm (being worn) y - a blessed +1 studded leather armor (being worn) Comestibles j - 2 uncursed food rations Scrolls d - a cursed scroll of earth g - a cursed scroll of amnesia k - an uncursed scroll of remove curse l - a blessed scroll of confuse monster Spellbooks i - a cursed spellbook of detect food Rings f - a cursed -1 ring of increase damage Wands c - an uncursed wand of polymorph (0:0) Tools p - 9 uncursed tallow candles (0:200) s - an uncursed towel Gems e - 15 uncursed flint stones (in quiver) n - 24 uncursed rocks q - an uncursed worthless piece of black glass z - an uncursed worthless piece of yellow glass Spells and supernatural/magical abilities: Name Level Category Fail Memory W - pray for help -- divine ? -- Your skills at the end: Fighting Skills bare handed combat [Basic] Weapon Skills club [Basic] sling [Basic] Spellcasting Skills Final Attributes: You were piously aligned. You are dead. Vanquished creatures: 2 shriekers a gnome lord a gnomish wizard a black naga hatchling a kitten a hobbit a large kobold a giant rat a brown mold 2 yellow molds a green mold 8 gnomes 2 geckos 4 jackals 2 kobolds 2 goblins 7 sewer rats 3 grid bugs a bat 3 lichens 5 newts 50 creatures vanquished. Voluntary challenges: You were an atheist. You used a wielded weapon 63 times, starting on turn 71. You read items or engraved 1 time, starting on turn 127. You never genocided any monsters. You never polymorphed an object. You never changed form. You used no wishes. You never split a pudding. You wrote Elbereth's name 1 time, starting on turn 127. You violated your moral code, losing 1 point of alignment, starting on turn 2151. Dungeon overview: The Dungeons of Doom: levels 1 to 4 Level 1 a long staircase Level 2 a fountain Level 3 Level 4 some fountains stairs to The Gnomish Mines The Gnomish Mines: Level 5 <- You were here stairs to The Dungeons of Doom History has recorded: On T:1 you entered the Dungeons of Doom to retrieve the Amulet of Yendor! On T:577 you reached level 2 of The Dungeons of Doom. On T:1011 you advanced to experience level 2. On T:1017 you reached level 3 of The Dungeons of Doom. On T:1502 you reached level 4 of The Dungeons of Doom. On T:1656 you advanced to experience level 3. On T:1927 you advanced to experience level 4. On T:2006 you reached level 1 of The Gnomish Mines. On T:2155 you advanced to experience level 5. Score breakdown: Gold: 427 ( 8951 points) Experience: 5 levels (11141 points) Exploration: 5 levels ( 9.80%) ( 8485 points) Discoveries: 1 item ( 0.33%) ( 1734 points) Valuables value: (no points given unless you survive) Artifact value: 0 ( 0 points) Variety of kills: 21 monsters ( 5.51%) ( 7043 points) Turncount: 2167 turns ( -119 points) Survival: died (score multiplied by 80%) Total score: 29788 Latest messages: There are a few more objects here. You drop a poisoned dart. The gnome wields a dagger! z - a yellow gem. You miss the sewer rat. The sewer rat bites! You miss the sewer rat. The sewer rat bites! (2x) You miss the sewer rat. The sewer rat misses. You hit the sewer rat. The sewer rat misses. The gnome thrusts her dagger. The gnome just misses! You kill the sewer rat! You hit the gnome. The gnome thrusts her dagger. The gnome hits! You hit the gnome. (2x) The gecko misses the gnome. The gnome thrusts her dagger. The gnome hits! You die... Final status: Goodbye Frizzbo the Cavewoman, killed by a gnome... You died in The Gnomish Mines on dungeon level 5 with 29788 points, and 427 pieces of gold, after 2167 moves. You were level 5 with a maximum of 51 hit points when you died.